 Dungeon Crawl Stone Soup version 0.28.0-53-g5a82cb258f (webtiles) character file.

Game seed: 15024422396193181970

53 SanguineChosen the Skirmisher (level 3, 0/34 HPs)
             Began as a Minotaur Berserker on Aug 3, 2022.
             Was a Follower of Trog.
             Slain by Robin
             ... wielding a +2 antimagic spear
              (3 damage)
             ... on level 1 of the Dungeon.
             The game lasted 00:05:07 (1798 turns).

SanguineChosen the Skirmisher (Minotaur Berserker)  Turns: 1798, Time: 00:05:08

Health: 0/34       AC:  2    Str: 23    XL:     3   Next: 64%
Magic:  1/2        EV: 12    Int:  4    God:    Trog [*.....]
Gold:   42         SH:  0    Dex:  9    Spells: 2/2 levels left

rFire   . . .      SeeInvis .   a - +0 hand axe
rCold   . . .      Faith    .   (no shield)
rNeg    . . .      Spirit   .   b - +0 animal skin
rPois   .          Reflect  .   (helmet restricted)
rElec   .          Harm     .   (no cloak)
rCorr   .          Rampage  .   (no gloves)
Will    ++...                   (no boots)
Stlth   +.........              (no amulet)
HPRegen 1.11/turn               (no ring)
MPRegen 0.08/turn               (no ring)

@: strong-willed, regenerating
A: horns 2, retaliatory headbutt
a: Renounce Religion, Berserk


You were on level 1 of the Dungeon.
You worshipped Trog.
Trog was aware of your devotion.
You visited 1 branch of the dungeon, and saw 2 of its levels.

You collected 42 gold pieces.

Inventory:

Hand Weapons
 a - a +0 hand axe (weapon)
Armour
 b - a +0 animal skin (worn)
Scrolls
 c - a scroll of identify {unknown}
Potions
 d - a potion of lignification {unknown}


   Skills:
 + Level 4.5 Fighting
 + Level 4.5 Axes
 + Level 2.7 Armour
 + Level 2.5 Dodging
 + Level 0.1 Stealth


You had 2 spell levels left.
You didn't know any spells.
Your spell library was empty.

Dungeon Overview and Level Annotations

Branches:
Dungeon (2/15)

Altars:

Annotations:
D:1 Robin, Sigmund


Innate Abilities, Weirdness & Mutations

You have a pair of horns on your head.
You reflexively headbutt those who attack you in melee.


Message History

The quokka closely misses you.
There is a stone staircase leading up, spattered with blood here.
Robin barely misses you. The quokka barely misses you.
Sigmund barely misses you. You furiously retaliate!
You headbutt Sigmund.
You climb upwards.
There is a stone staircase leading down, spattered with blood here.
You barely miss Sigmund.
Sigmund is lightly wounded.
You closely miss Robin. You barely miss the quokka.
Robin hits you with a +2 antimagic spear.
The quokka bites you but does no damage.
You closely miss Sigmund.
Sigmund is lightly wounded.
You closely miss the quokka. You hit Robin. The quokka misses you.
Sigmund hits you with a +0 scythe!
* * * LOW HITPOINT WARNING * * *
Robin says, "My goblins will feast on your bones."
Robin hits you with a +2 antimagic spear.
* * * LOW HITPOINT WARNING * * *
You closely miss Sigmund.
Sigmund is lightly wounded.
You miss the quokka. You hit Robin. The quokka barely misses you.
Robin closely misses you. Sigmund hits you with a +0 scythe.
* * * LOW HITPOINT WARNING * * *
The quokka misses you. You furiously retaliate!
You headbutt the quokka.
You kill the quokka!
Trog accepts your kill.
You can now call upon Trog for regeneration and willpower.
Your skin crawls.
You feel strong-willed.
You can no longer call upon Trog for regeneration and willpower.
Robin closely misses you.
You slash Sigmund!
Sigmund is moderately wounded.
You hit Robin. Sigmund casts a spell at you. The magic dart hits you!
* * * LOW HITPOINT WARNING * * *
Robin hits you with a +2 antimagic spear.
You die...

#.# #.# #....÷.. #.# #.#
#..8.8.. #.# #.# #....... #.#
#.################.......
#.###.##.............+.......
#...#.##......########.....##
###.#.##......# #.......##
#.#.##...@).######...######
#.#.####.)@(...)..........+
#.#.# #..g...####.....####
#.#.####......#####....# #
#.#..............##....####
#.####....##.....##....#...
#.........##.....#######.##
#.####.....................
### #....≈≈≈≈≈.≈≈≈≈≈.≈≈≈≈≈.
#....≈###≈.≈###≈.≈###≈.


You could see Sigmund and Robin.

Vanquished Creatures
  2 dart slugs (D:1)
  A bat (D:1)
  2 endoplasms (D:1)
  A giant cockroach (D:1)
  16 goblins
  3 hobgoblins (D:1)
  4 jackals (D:1)
  A quokka (D:1)
  3 ball pythons (D:1)
  2 frilled lizards (D:1)
  4 kobolds (D:1)
  4 rats (D:1)
43 creatures vanquished.

Vanquished Creatures (others)
  A goblin (D:2)
1 creature vanquished.

Grand Total: 44 creatures vanquished

Notes
Turn   | Place    | Note
-------+----------+-------------------------------------------
     0 | D:1      | SanguineChosen the Minotaur Berserker began the quest for
                  | the Orb.
     0 | D:1      | Reached XP level 1. HP: 19/19 MP: 0/0
   162 | D:1      | Reached XP level 2. HP: 21/27 MP: 1/1
   737 | D:1      | Found a faded altar of an unknown god.
   795 | D:1      | Reached XP level 3. HP: 29/34 MP: 2/2
  1406 | D:2      | Noticed Robin
  1407 | D:2      | Noticed Sigmund
  1796 | D:1      | Reached ** piety under Trog
  1798 | D:1      | Slain by Robin

Illustrated notes

Levels and vault maps discovered:
D:1:      lemuel_arrival_funnel, layout_basic,
          shapermc_ecumenical_altar_pompeii, kennysheep_boxes
D:2:      layout_loops_cross, uniq_sigmund, uniq_robin

Skill      XL: |  1  2 |
---------------+-------+-----
Fighting       | 4 |  4.5
Axes           | 4 |  4.5
Armour         | |  2.7
Dodging        | |  2.5
Stealth        | |  0.1

Action                   || total
-------------------------++-------
Melee: Hand axe          ||    78
       Headbutt          ||     8
Invok: Trog's Hand       ||     1
Armor: Animal skin       ||    18
Dodge: Dodged            ||    59
